AoeStats
← Alexander781987

Arabia

509539672Analyzed
1v1 RM · 4d ago on Sep 27, 2026· 38m 12s· 2 players
Game mode
Random Map
Map size
Tiny (2 player)
Population
200
Speed
Normal
Resources
Standard
Victory
Conquest
Starting age
Dark Age
Ending age
Imperial Age
RankedLock teamsTeams togetherTeam positionsShared explorationLock speedFull tech treeHidden civsTurbo modeCheats
Victory
Defeat
🇮🇹 Varangians · Italy
798
+17
🇺🇸 Magyars · United States
830
-17
oramasuky
5:38 Loom
11:52 Feudal Age
12:34 Double-Bit Axe
12:32 Horse Collar
17:29 Bloodlines
24:15 Castle Age
23:12 Gold Mining
24:36 Light Cavalry
25:57 Scale Mail Armor
29:14 Bow Saw
29:43 Heavy Plow
31:04 Squires
30:49 Arson
31:35 Husbandry
31:25 Elite Skirmisher
33:39 Wheelbarrow
33:20 Gambesons
33:27 Gambesons
33:57 Forging
34:03 Chain Mail Armor
34:16 Stone Mining
35:27 Pikeman
38:13 Hand Cart
39:11 Iron Casting
Alexander781987
6:58 Loom
9:58 Feudal Age
10:54 Double-Bit Axe
11:03 Gold Mining
15:53 Stone Mining
19:35 Castle Age
18:20 Horse Collar
24:35 Gold Shaft Mining
27:13 Scale Barding Armor
29:05 Chain Barding Armor
28:54 Pikeman
30:18 Bow Saw
32:02 Bloodlines
31:54 Husbandry
33:44 Scale Mail Armor
34:35 Wheelbarrow
35:45 Chain Mail Armor
Connection lost

Rejoining the realm…

Still unreachable

The connection could not be restored.

Session expired

The server has moved on; the page needs a fresh start.